 Dungeon Crawl Stone Soup version 0.19-a0-1007-g133f65f (webtiles) character file.

204 HAL9000 the Cudgeler (level 5, 0/55 HPs)
             Began as an Ogre Hunter on July 20, 2016.
             Slain by a gnoll
             ... wielding a +0 spear
              (6 damage)
             ... on level 4 of the Dungeon.
             The game lasted 00:04:13 (2001 turns).

HAL9000 the Cudgeler (Ogre Hunter)                  Turns: 2001, Time: 00:04:14

Health: 0/55       AC:  5    Str: 17    XL:     5   Next: 82%
Magic:  5/5        EV: 10    Int: 10    God:
Gold:   178        SH:  0    Dex: 11    Spells: 0 memorised, 4 levels left

rFire  . . .     SeeInvis .     g - +0 mace
rCold  . . .     Gourm    .     b - +0 robe
rNeg   . . .     Faith    .     (no shield)
rPois  .         Spirit   .     (helmet restricted)
rElec  .         Dismiss  .     n - +1 cloak
rCorr  .         Reflect  .     (gloves unavailable)
SustAt .         Harm     .     (boots unavailable)
MR     .....                    (no amulet)
Stlth  +.........               (no ring)
                                (no ring)

@: not resistant to hostile enchantments, very unstealthy
A: unfitting armour, tough skin 1
a: no special abilities


You were on level 4 of the Dungeon.
You were hungry.

You visited 1 branch of the dungeon, and saw 4 of its levels.

You collected 178 gold pieces.

Inventory:

Hand Weapons
 g - a +0 mace (weapon)
Missiles
 c - a large rock (quivered)
 d - 2 throwing nets
Armour
 b - a +0 robe (worn)
 n - a +1 cloak (worn)
Scrolls
 l - a scroll of enchant weapon {unknown}
 o - a scroll of teleportation {unknown}
 r - a scroll of noise {unknown}
Potions
 i - 2 potions of resistance {unknown}
 k - a potion of cancellation
 m - 2 potions of lignification {unknown}
 q - a potion of haste {unknown}
 s - 2 potions of curing {unknown}
 t - a potion of cure mutation {unknown}
 u - a potion of degeneration {unknown}
Books
 p - a book of Ice

   Spells                             Type                      Level
   a - Ice Form                       Ice/Transmutation            4
   b - Metabolic Englaciation         Hexes/Ice                    5
   c - Ozocubu's Refrigeration        Ice                          6
   d - Bolt of Cold                   Conjuration/Ice              6
   e - Freezing Cloud                 Conjuration/Ice/Air          6
   f - Simulacrum                     Ice/Necromancy               6
Comestibles
 f - 2 bread rations
 h - a royal jelly
 j - 2 meat rations


   Skills:
 + Level 4.7 Fighting
 * Level 5.9 Maces & Flails
 - Level 4.0 Throwing
 - Level 1.7 Dodging
 - Level 0.7 Stealth


You had 4 spell levels left.
You didn't know any spells.

Dungeon Overview and Level Annotations

Branches:
Dungeon (3/15)

Altars:


Innate Abilities, Weirdness & Mutations

You are too large for most types of armour.
You have tough skin. (AC +1)


Message History

Unknown command.
Throwing (i - inventory. (,) - cycle):
c - 2 large rocks (quivered)
Press: ? - help, Shift-Dir - straight line, f/p - gnoll
Aim: a gnoll, wielding a whip You throw a large rock.
The large rock barely misses the gnoll.
The gnoll hits you with a whip! The gnoll closely misses you.
The gnoll hits you with a whip!
* * * LOW HITPOINT WARNING * * *
Unknown command.
You sock the gnoll!
The gnoll is severely wounded.
The gnoll closely misses you. The gnoll hits you with a whip.
* * * LOW HITPOINT WARNING * * *
The gnoll hits you but does no damage.
Unknown command.
It was a potion of cancellation.
You feel magically purged. The gnoll hits you with a whip.
* * * LOW HITPOINT WARNING * * *
The gnoll hits you from afar with a spear.
You die...

#. #. #.
#. #.
#.#####
#.#.).#
#..g#)#
#'#)g@#
g.g#####
#...
#### ≈≈
≈≈≈ ...


You could see 2 gnolls.

Vanquished Creatures
  A gnoll shaman (D:4)
  2 adders (D:2)
  11 gnolls
  2 worms (D:2)
  2 ball pythons (D:1)
  2 giant cockroaches
  6 goblins
  7 hobgoblins
  4 jackals (D:1)
  5 kobolds
  A quokka (D:2)
  6 bats
  A giant newt (D:1)
  4 rats
54 creatures vanquished.

Notes
Turn   | Place    | Note
-------+----------+-------------------------------------------
     0 | D:1      | HAL9000 the Ogre Hunter began the quest for the Orb.
     0 | D:1      | Reached XP level 1. HP: 22/22 MP: 1/1
   158 | D:1      | Reached skill level 1 in Maces & Flails
   184 | D:1      | Reached XP level 2. HP: 31/31 MP: 2/2
   247 | D:1      | Reached skill level 2 in Maces & Flails
   490 | D:1      | Reached skill level 3 in Maces & Flails
   523 | D:1      | Reached XP level 3. HP: 33/37 MP: 3/3
  1406 | D:2      | Reached skill level 4 in Maces & Flails
  1406 | D:2      | Reached XP level 4. HP: 41/46 MP: 4/4
  1796 | D:3      | Reached XP level 5. HP: 54/54 MP: 5/5
  1799 | D:3      | Reached skill level 5 in Maces & Flails
  1888 | D:3      | You fall through a shaft!
  2001 | D:4      | Slain by a gnoll

Vault maps used:
D:1:      dpeg_arrival_stone_temple_mockup
D:2:      minmay_goblin_outpost
D:3:      lemuel_doored_altar, first_bread, uniq_iyjb
D:4:      lemuel_castle_with_subvaults, elyvilon_altar_5, minmay_door_square,
          kennysheep_generic_room_7

Skill      XL: |  1  2  3  4  5 |
---------------+----------------+-----
Maces & Flails | 1 3 4 5 |  5.9
Fighting       | 3 4 |  4.7
Throwing       | |  4.0
Dodging        | |  1.7
Stealth        | |  0.7

Action                   |  1- 3 |  4- 6 || total
-------------------------+-------+-------++-------
Melee: Mace              |   114 |    54 ||   168
Throw: Large rock        |       |    14 ||    14
  Use: Potion            |       |     1 ||     1
 Stab: Sleeping          |     1 |     1 ||     2
  Eat: Chunk             |     2 |     1 ||     3
Armor: Robe              |    51 |    14 ||    65
Dodge: Dodged            |    82 |    32 ||   114
